[Event "Titled Tuesday Blitz May 31 Late 2022"]
[White "Korchmar, Vasiliy"]
[Black "Paravyan, David"]
[WhiteFideId "24131750"]
[BlackFideId "4194985"]
[WhiteElo "2370"]
[BlackElo "2569"]
[Result "1/2-1/2"]
[Round "05"]
[TimeControl "180+1"]
[Date "2022.05.31"]
[WhiteClock "0:00:06"]
[BlackClock "0:00:09"]

1. e4 e5 2. Nf3 Nf6 3. Nc3 Nc6 4. h3 d5 5. exd5 Nxd5 6. Bb5 Nxc3 7. bxc3 Bd6 8. d4 exd4 9. O-O O-O 10. cxd4 h6 11. c4 Qf6 12. Be3 a6 13. Bxc6 bxc6 14. c5 Be7 15. Ne5 Rd8 16. Qa4 Bxc5 17. Qxc6 Bxd4 18. Bxd4 Qxc6 19. Nxc6 Rd6 20. Rac1 Bd7 21. Ne7+ Kf8 22. Bc5 Kxe7 23. Rfe1+ Be6 24. Bxd6+ cxd6 25. Rc7+ Kf6 26. a3 Rb8 27. Rc6 a5 28. Rxd6 Rb5 29. Ra6 g5 30. Re3 Kg7 31. Kh2 Bb3 32. Ra7 a4 33. Kg3 Rc5 34. f3 Rc2 35. Kh2 Ra2 36. Re5 Rxa3 37. Kg3 Ra2 38. Re4 Kg6 39. h4 f5 40. Rd4 f4+ 41. Kh2 Re2 42. hxg5 hxg5 43. Rd6+ Kf5 44. Ra5+ Re5 45. Rxe5+ Kxe5 46. Rg6 Kf5 47. Ra6 Ke5 48. Kg1 Kd4 49. Ra5 Kc3 50. Rxg5 a3 51. Ra5 Kb4 52. Re5 a2 53. Re1 Bc2 54. Ra1 Bb1 55. Kf2 Kc3 56. g3 fxg3+ 57. Kxg3 Kb2 58. Rxa2+ Kxa2 59. f4 Kb3 60. Kg4 Bc2 61. f5 Bxf5+ 1/2-1/2


[Site "https://www.chess.com"]

[Event "Titled Tuesday Blitz May 31 Late 2022"]
[White "Kosteniuk, Alexandra"]
[Black "Pichot, Alan"]
[WhiteFideId "4128125"]
[BlackFideId "110973"]
[WhiteElo "2469"]
[BlackElo "2579"]
[Result "1-0"]
[Round "05"]
[TimeControl "180+1"]
[Date "2022.06.01"]
[WhiteClock "0:00:05"]
[BlackClock "0:00:06"]

1. e4 e5 2. Nf3 Nc6 3. Bc4 Bc5 4. c3 Nf6 5. d4 exd4 6. cxd4 Bb4+ 7. Nbd2 O-O 8. e5 Ne4 9. Bd3 d5 10. O-O Nxd2 11. Bxd2 Bg4 12. Be3 Ba5 13. h3 Bh5 14. a3 Bb6 15. Be2 Ne7 16. g4 Bg6 17. Rc1 Qd7 18. Nh4 f5 19. f4 Bf7 20. g5 Be6 21. Nf3 Rac8 22. b4 a5 23. h4 Rfd8 24. h5 Qe8 25. Nh4 Ra8 26. b5 c6 27. a4 Rac8 28. Kh2 Rc7 29. bxc6 Nxc6 30. Bb5 Qe7 31. Qd3 Nb4 32. Qb1 Rf8 33. Kg3 Ba7 34. Rxc7 Qxc7 35. Rc1 Qe7 36. Qb2 Bb6 37. Bd2 Rd8 38. g6 h6 39. Nf3 Rc8 40. Rxc8+ Bxc8 41. Ne1 Be6 42. Nf3 Kf8 43. Bc3 Kg8 44. Qd2 Bc8 45. Ne1 Be6 46. Nf3 Bc7 47. Ne1 Bd8 48. Nf3 Kf8 49. Qb2 Kg8 50. Qd2 Qf8 51. Qb2 Be7 52. Bd2 Qc8 53. Qc3 Qd8 54. Kg2 Qb6 55. Ne1 Nc6 56. Nc2 Bb4 57. Qd3 Be7 58. Qc3 Kf8 59. Bxc6 bxc6 60. Qxa5 Qb7 61. Qc3 Qa6 62. Kf2 Qxa4 63. Nb4 Bd7 64. Nd3 Qb5 65. Nc5 Bc8 66. Nd3 Ba6 67. Ke3 Bh4 68. Bc1 Ke8 69. Ba3 Bg3 70. Qc2 Qxd3+ 71. Qxd3 Bxd3 72. Kxd3 Bxf4 73. Bd6 Bg5 74. Bc5 Bd8 75. Bd6 Bg5 76. Bc5 Be7 77. Bb6 Kd7 78. Ba7 Ke6 79. Ke3 c5 80. dxc5 Kxe5 81. c6 Bd6 82. Bd4+ Ke6 83. Bxg7 f4+ 84. Kf3 Kf5 85. Bxh6 Kf6 86. Bxf4 Bf8 87. c7 1-0


[Site "https://www.chess.com"]

[Event "Titled Tuesday Blitz May 31 Late 2022"]
[White "Kovacevic, Radmila"]
[Black "Gomez Dieguez, David"]
[WhiteFideId "933171"]
[BlackFideId "22223630"]
[WhiteElo "2115"]
[BlackElo "2115"]
[Result "1-0"]
[Round "05"]
[TimeControl "180+1"]
[Date "2022.06.01"]
[WhiteClock "0:00:05"]
[BlackClock "0:00:15"]

1. e4 c6 2. d4 d5 3. exd5 cxd5 4. Nf3 Nf6 5. Bd3 Nc6 6. O-O Bg4 7. c3 e6 8. Qb3 Bxf3 9. Qxb7 Qc8 10. Ba6 Ne7 11. Qb5+ Qd7 12. gxf3 Qxb5 13. Bxb5+ Kd8 14. a4 a6 15. Bd3 Ng6 16. Bg5 Bd6 17. Re1 Nf4 18. Bf1 h6 19. Bh4 Kd7 20. Nd2 Rhb8 21. b4 Rc8 22. Re3 Ng6 23. Bg3 Nf4 24. b5 axb5 25. Bxb5+ Ke7 26. Nb3 Rcb8 27. Rae1 g5 28. Kf1 Kf8 29. Nc5 h5 30. h4 Rc8 31. hxg5 Nh7 32. Nd7+ Kg7 33. Nb6 Nxg5 34. Nxa8 Rxa8 35. Re5 Bxe5 36. Rxe5 f6 37. Bxf4 fxe5 38. Bxg5 Kg6 39. Be3 exd4 40. Bxd4 Kf5 41. Bd3+ Kg5 42. Bc2 h4 43. Kg2 Rb8 44. Be3+ Kh5 45. a5 Rb2 46. Bd1 Ra2 47. f4+ Kg6 48. Bb6 Kf5 49. Bc7 Rd2 50. Bf3 Ra2 51. Kh3 Ra3 52. Bg4+ Kf6 53. Kxh4 Rxc3 54. Be5+ Kg6 55. Bxc3 e5 56. Bxe5 Kh6 57. Be6 Kg6 58. Bxd5 Kh6 59. a6 Kg6 60. a7 Kf5 61. f3 Kg6 62. a8=Q Kf5 63. Qf8+ Kg6 64. Qf7+ Kh6 65. Qg7# 1-0


[Site "https://www.chess.com"]

[Event "Titled Tuesday Blitz May 31 Late 2022"]
[White "Lehtosaari, Mauri"]
[Black "Krishnan, Varun"]
[WhiteFideId "501999"]
[BlackFideId "5054508"]
[WhiteElo "2440"]
[BlackElo "2629"]
[Result "0-1"]
[Round "05"]
[TimeControl "180+1"]
[Date "2022.06.01"]
[WhiteClock "0:00:03"]
[BlackClock "0:00:06"]

1. d4 d5 2. Nf3 Nf6 3. Bg5 e6 4. Nbd2 Be7 5. e3 O-O 6. Bd3 b6 7. O-O Bb7 8. Ne5 Ne4 9. Bxe7 Qxe7 10. c3 Nd7 11. Nxd7 Qxd7 12. Qc2 f5 13. Nf3 Qe7 14. Ne5 f4 15. exf4 Rxf4 16. f3 Ng5 17. g3 Rf5 18. Bxf5 exf5 19. h4 Ne6 20. Qxf5 Rf8 21. Qd3 Qd6 22. Rae1 c5 23. Kg2 Bc8 24. Ng4 a5 25. Re5 cxd4 26. cxd4 Qb4 27. Rd1 Qxb2+ 28. Rd2 Qc1 29. Qe3 Nc7 30. Nf2 Ba6 31. Rd1 Qc2 32. Qd2 Qc6 33. Rde1 Qf6 34. f4 Nb5 35. Qe3 Nd6 36. Re6 Qd8 37. Qe5 Nf5 38. Rd1 Bc8 39. Rc6 Re8 40. Qc7 Ne3+ 41. Kf3 Qxc7 42. Rxc7 Nxd1 0-1


[Site "https://www.chess.com"]

[Event "Titled Tuesday Blitz May 31 Late 2022"]
[White "Leitao, Rafael"]
[Black "Hansen, Eric"]
[WhiteFideId "2101246"]
[BlackFideId "2606771"]
[WhiteElo "2609"]
[BlackElo "2568"]
[Result "0-1"]
[Round "05"]
[TimeControl "180+1"]
[Date "2022.05.31"]
[WhiteClock "0:00:07"]
[BlackClock "0:00:12"]

1. e4 c5 2. Nf3 e6 3. d4 cxd4 4. Nxd4 Nc6 5. Nc3 d6 6. Be2 Nf6 7. O-O Be7 8. Kh1 O-O 9. f4 Bd7 10. Nb3 a5 11. a4 Rc8 12. Bf3 Nb4 13. Be3 e5 14. Qe2 Be6 15. Rad1 Bc4 16. Qf2 exf4 17. Bb6 Qe8 18. Rfe1 Nd7 19. Bxa5 Nc6 20. Bb6 Nxb6 21. Qxb6 Qd8 22. Qxd8 Rfxd8 23. Nd5 Bxd5 24. exd5 Ne5 25. Nd4 Rc4 26. Be2 Rxa4 27. Bb5 Ra2 28. b3 Bf6 29. h3 g6 30. Re2 Rc8 31. c4 Rca8 32. b4 b6 33. Rf1 Bg5 34. Rxa2 Rxa2 35. Nc6 f3 36. gxf3 Bf4 37. Nxe5 Bxe5 38. Rd1 Rh2+ 39. Kg1 Rb2 40. c5 bxc5 0-1


[Site "https://www.chess.com"]

[Event "Titled Tuesday Blitz May 31 Late 2022"]
[White "Leiva, Gianmarco"]
[Black "Moral Garcia, Serafin"]
[WhiteFideId "3804399"]
[BlackFideId "2201925"]
[WhiteElo "2323"]
[BlackElo "2228"]
[Result "1/2-1/2"]
[Round "05"]
[TimeControl "180+1"]
[Date "2022.06.01"]
[WhiteClock "0:00:12"]
[BlackClock "0:00:25"]

1. Nf3 Nf6 2. g3 g6 3. Bg2 Bg7 4. O-O O-O 5. d4 d5 6. c4 dxc4 7. Na3 c3 8. bxc3 c5 9. e3 Nc6 10. Qe2 Nd5 11. Bb2 Nb6 12. Rac1 Qd5 13. c4 Qh5 14. d5 Ne5 15. Bxe5 Bxe5 16. h3 Bg7 17. g4 Qh6 18. Nb1 Bd7 19. Nbd2 e6 20. Ne4 f6 21. Nxc5 e5 22. Nxb7 f5 23. g5 Qh5 24. Rfe1 e4 25. c5 exf3 26. Qxf3 Qxg5 27. cxb6 axb6 28. Rc7 Be8 29. d6 Bf7 30. Rxf7 Rxf7 31. Qc6 Rff8 32. d7 Bf6 33. Rd1 f4 34. Qc4+ Kg7 35. Qxf4 Qxf4 36. exf4 Bd8 37. Nxd8 Raxd8 38. a4 Rxf4 39. Bc6 Rf6 40. Bb5 Kf8 41. Re1 Kg7 42. Re7+ Rf7 43. Re8 Rfxd7 44. Bxd7 Rxd7 45. Rb8 Rd4 46. Rxb6 Rxa4 47. Rb3 h5 48. Rg3 Kh6 49. Kg2 g5 50. Kg1 Kg6 51. Rb3 h4 52. Kg2 Kh5 53. Rb7 Ra5 54. Rb8 Ra4 55. Rh8+ Kg6 56. Rg8+ Kh5 57. Rg7 Kh6 58. Rb7 Kh5 59. Rb5 Kh6 60. Kh2 Kh5 61. Rc5 Kh6 62. Rd5 Kh5 63. Re5 Kh6 64. Kg2 Kh5 65. Re6 Rb4 66. Rf6 Ra4 67. Kf3 Ra3+ 68. Kg2 Ra4 69. Rf5 Rb4 70. Ra5 Rc4 71. Rb5 Rd4 72. Rb6 Rc4 73. Ra6 Rd4 74. Rb6 Rc4 75. Re6 Rd4 76. Re8 Rc4 77. Re3 Rb4 78. Kf3 Rf4+ 79. Ke2 Rb4 80. Ke1 Rc4 81. Kf1 Rb4 82. Rc3 Rd4 83. Rb3 Re4 84. Ra3 Rd4 85. Kg2 Kg6 86. Kf3 Kf5 87. Ra6 Rd3+ 88. Kg2 Rc3 89. Rd6 Ke5 90. Rb6 Kf5 91. Ra6 Ke5 92. Ra5+ Kf4 93. Ra8 Kf5 94. Rf8+ Kg6 95. Rb8 Kf5 96. Rb6 Ke5 97. Kh2 Kf5 98. Rb5+ Kg6 99. Rd5 Kh5 100. f4 Rg3 101. f5 Rf3 102. Kg2 Rf4 103. Rb5 Kh6 104. Rb6+ Kh5 105. Rf6 g4 106. Rf8 gxh3+ 107. Kxh3 Kg5 108. f6 Rxf6 109. Rg8+ Rg6 110. Ra8 Rf6 111. Ra5+ Rf5 112. Ra3 Kh5 113. Rb3 Rg5 114. Rb8 Rg3+ 115. Kh2 Kg4 116. Rb4+ Kh5 117. Rb5+ Rg5 118. Rb4 Rg4 119. Rb3 Rg5 120. Rb2 Kg4 121. Ra2 Kh5 122. Ra1 Rf5 123. Ra2 Rg5 124. Ra8 Rf5 125. Rh8+ Kg4 126. Rg8+ Rg5 127. Rf8 Rf5 128. Rg8+ Kh5 129. Ra8 Kg4 130. Ra4+ Rf4 131. Ra8 Rf2+ 132. Kg1 Rf4 133. Kh2 Rf2+ 134. Kg1 Rf4 135. Kh2 1/2-1/2


[Site "https://www.chess.com"]

[Event "Titled Tuesday Blitz May 31 Late 2022"]
[White "Lobanov, Sergei"]
[Black "Norowitz, Yaacov"]
[WhiteFideId "24183750"]
[BlackFideId "2024799"]
[WhiteElo "2524"]
[BlackElo "2412"]
[Result "0-1"]
[Round "05"]
[TimeControl "180+1"]
[Date "2022.05.31"]
[WhiteClock "0:00:01"]
[BlackClock "0:00:19"]

1. e4 c6 2. d4 d5 3. e5 Bf5 4. Nd2 e6 5. Nb3 Ne7 6. Nf3 Bg6 7. Be2 Nf5 8. O-O Nh4 9. Nxh4 Qxh4 10. a4 Qd8 11. a5 Be7 12. Be3 O-O 13. f4 Na6 14. g4 Be4 15. Nd2 Nc7 16. Nxe4 dxe4 17. c4 c5 18. dxc5 Na6 19. Qxd8 Rfxd8 20. Rfd1 Bxc5 21. Bxc5 Nxc5 22. Kf2 f5 23. b4 Nb3 24. Ra3 Nd4 25. c5 g6 26. Bc4 Kf7 27. Ra2 Nc6 28. Rxd8 Rxd8 29. b5 Nb4 30. Rb2 Nd5 31. gxf5 gxf5 32. b6 axb6 33. Bxd5 Rxd5 34. Rxb6 Rxc5 35. Rxb7+ Kg6 36. a6 Ra5 37. a7 Ra3 38. Re7 Kh5 39. h3 h6 40. Ke2 Kh4 41. Rxe6 Kg3 42. Rxh6 Kxf4 43. e6 Rxa7 44. Rf6 Ke5 45. Rf7 Ra2+ 46. Ke3 f4+ 47. Rxf4 Ra3+ 0-1


[Site "https://www.chess.com"]

[Event "Titled Tuesday Blitz May 31 Late 2022"]
[White "Luo, Terry"]
[Black "Swiercz, Dariusz"]
[WhiteFideId "30931045"]
[BlackFideId "1126881"]
[WhiteElo "2024"]
[BlackElo "2627"]
[Result "1/2-1/2"]
[Round "05"]
[TimeControl "180+1"]
[Date "2022.05.31"]
[WhiteClock "0:00:08"]
[BlackClock "0:00:06"]

1. d4 e6 2. c4 Bb4+ 3. Bd2 a5 4. Nf3 d6 5. g3 Nd7 6. Bg2 Ngf6 7. O-O e5 8. Nc3 O-O 9. a3 Bxc3 10. Bxc3 Qe7 11. Qc2 Re8 12. dxe5 dxe5 13. b4 axb4 14. axb4 Rxa1 15. Rxa1 e4 16. Nd4 Ne5 17. c5 Ng6 18. Ra8 h5 19. c6 Ne5 20. b5 bxc6 21. Nxc6 Nxc6 22. bxc6 Bf5 23. Rxe8+ Qxe8 24. Bxf6 gxf6 25. e3 Qe5 26. h4 Kg7 27. Bf1 Be6 28. Be2 Kh6 29. Qd2 Bd5 30. Qb4 Kg7 31. Qc5 Be6 32. Qxe5 fxe5 33. Bxh5 Bd5 34. Be2 Bxc6 35. Bc4 Kf6 36. g4 Bd7 37. g5+ Kg6 38. Kh2 f6 39. gxf6 Kxf6 40. Kg3 Bf5 41. f4 exf3 42. Kxf3 c5 43. Kg3 Bd7 44. Kf3 Bc6+ 45. Kg4 Bd7+ 46. Kf3 Be8 47. Kg4 Bc6 48. h5 Be4 49. Kh4 Bf5 50. h6 Kg6 51. h7 Kxh7 52. Kg5 Bc2 53. Kf6 e4 54. Ke5 Bd3 55. Bd5 c4 56. Bxe4+ Kg7 57. Kd4 Bxe4 58. Kxe4 Kf6 59. Kd4 Kf5 60. Kxc4 Ke4 61. Kc3 Kxe3 1/2-1/2


[Site "https://www.chess.com"]

[Event "Titled Tuesday Blitz May 31 Late 2022"]
[White "Maghsoodloo, Parham"]
[Black "Terry, Renato"]
[WhiteFideId "12539929"]
[BlackFideId "3803457"]
[WhiteElo "2630"]
[BlackElo "2577"]
[Result "1/2-1/2"]
[Round "05"]
[TimeControl "180+1"]
[Date "2022.05.31"]
[WhiteClock "0:00:06"]
[BlackClock "0:00:04"]

1. e4 e6 2. d4 d5 3. e5 c5 4. c3 Qb6 5. Nf3 Bd7 6. Be2 cxd4 7. cxd4 Bb5 8. Bxb5+ Qxb5 9. Nc3 Bb4 10. Bd2 Bxc3 11. Bxc3 Nc6 12. Qe2 Qxe2+ 13. Kxe2 Nge7 14. b4 a6 15. a4 Rc8 16. Kd3 Na7 17. Rhb1 b5 18. axb5 Nxb5 19. Bd2 Rc6 20. Rc1 Rxc1 21. Bxc1 Nc6 22. Bd2 Nc7 23. Ne1 Kd7 24. Nc2 Rb8 25. g4 f6 26. f4 Rf8 27. h4 f5 28. g5 Rb8 29. h5 Rb6 30. Ra4 Nb5 31. Be3 Kc8 32. Na1 Nc7 33. Bd2 Kb8 34. Nb3 Kc8 35. Nc5 Kd8 36. Be1 g6 37. hxg6 hxg6 38. Bc3 Ke7 39. Be1 Kf7 40. Bd2 Rb8 41. Be1 Rh8 42. Nxa6 Nxa6 43. Rxa6 Rh3+ 44. Kd2 Nxd4 45. Bf2 Rh2 46. Ke3 Nc2+ 47. Kf3 Nxb4 48. Bc5 Nd3 49. Ra7+ Kg8 50. Be7 Rh3+ 51. Kg2 Nxf4+ 52. Kf2 d4 53. Bf6 Nd3+ 54. Ke2 Nf4+ 55. Kf2 Kf8 56. Rd7 d3 57. Rd8+ Kf7 58. Rd6 Nd5 59. Rd7+ Ke8 60. Rd8+ Kf7 61. Rd7+ Kf8 62. Rd8+ Kf7 63. Rd7+ 1/2-1/2


[Site "https://www.chess.com"]

[Event "Titled Tuesday Blitz May 31 Late 2022"]
[White "Matlakov, Maxim"]
[Black "Hasangatin, Ramil"]
[WhiteFideId "4168003"]
[BlackFideId "4122160"]
[WhiteElo "2669"]
[BlackElo "2399"]
[Result "1-0"]
[Round "05"]
[TimeControl "180+1"]
[Date "2022.05.31"]
[WhiteClock "0:00:51"]
[BlackClock "0:00:42"]

1. e4 d5 2. exd5 Qxd5 3. Nf3 Bg4 4. Be2 Nc6 5. O-O O-O-O 6. h3 Bh5 7. Nc3 Qd7 8. b4 Nf6 9. b5 Bxf3 10. Bxf3 Nd4 11. a4 Kb8 12. Re1 e6 13. a5 Bb4 14. a6 Bxc3 15. dxc3 Nxf3+ 16. Qxf3 Qd5 17. Qg3 b6 18. Bf4 Rd7 19. Rad1 Qxb5 20. Rxd7 Nxd7 21. Bxc7+ Kc8 22. Qxg7 Re8 23. Bg3 f5 24. Rd1 e5 25. Qf7 Rf8 26. Qe6 f4 27. Bh4 1-0


[Site "https://www.chess.com"]

[Event "Titled Tuesday Blitz May 31 Late 2022"]
[White "Murzin, Volodar"]
[Black "Romanchuk, Viktor"]
[WhiteFideId "44155573"]
[BlackFideId "14109271"]
[WhiteElo "2585"]
[BlackElo "2242"]
[Result "1-0"]
[Round "05"]
[TimeControl "180+1"]
[Date "2022.06.01"]
[WhiteClock "0:00:04"]
[BlackClock "0:00:40"]

1. e4 e6 2. d4 d5 3. Nc3 dxe4 4. Nxe4 Nd7 5. Nf3 Ngf6 6. Nxf6+ Nxf6 7. Bd3 c5 8. O-O cxd4 9. Nxd4 Bc5 10. Be3 Bb6 11. Re1 O-O 12. c3 Re8 13. Nb5 Bxe3 14. Rxe3 Qb6 15. Nd6 Rd8 16. Nc4 Qc7 17. Ne5 b6 18. Qc2 Bb7 19. Rae1 Rd6 20. Rg3 Rad8 21. Qe2 Kf8 22. Qe3 h6 23. h4 Rd5 24. Qe2 R5d6 25. Re3 Ba8 26. Qf1 Nd5 27. Rf3 Nf6 28. Rg3 Rd5 29. Rge3 Qb7 30. f3 Qc7 31. g4 Qc5 32. Kh2 Qc7 33. Kh3 Nd7 34. Nxd7+ Qxd7 35. Be4 Rd2 36. R1e2 Bxe4 37. Rxe4 Rxe2 38. Qxe2 Qd2 39. Kg3 Qxe2 40. Rxe2 Rd1 41. h5 Ke7 42. Kf4 Ra1 43. a3 Rd1 44. Ke3 Kf6 45. Rd2 Rb1 46. Kd4 Rf1 47. Rd3 Rb1 48. b4 Ra1 49. c4 Ke7 50. c5 bxc5+ 51. Kxc5 e5 52. Kb5 f5 53. gxf5 Kf6 54. Ka6 1-0


[Site "https://www.chess.com"]

[Event "Titled Tuesday Blitz May 31 Late 2022"]
[White "Pakleza, Zbigniew"]
[Black "Karttunen, Mika"]
[WhiteFideId "1119290"]
[BlackFideId "502081"]
[WhiteElo "2467"]
[BlackElo "2343"]
[Result "1-0"]
[Round "05"]
[TimeControl "180+1"]
[Date "2022.05.31"]
[WhiteClock "0:00:06"]
[BlackClock "0:00:09"]

1. d4 Nf6 2. Nf3 g6 3. Bf4 d6 4. e3 b6 5. h3 Bb7 6. Be2 Nbd7 7. O-O Bg7 8. c3 O-O 9. a4 a6 10. Nbd2 e6 11. Bh2 Qe7 12. Qb3 Rab8 13. Rfd1 h6 14. Qa3 Rfe8 15. c4 a5 16. b4 axb4 17. Qxb4 c5 18. Qb3 Bc6 19. Bf1 Ra8 20. Ra3 Ra5 21. Rda1 Rea8 22. Bd3 Qf8 23. R1a2 Qb8 24. Bc2 Bf8 25. e4 cxd4 26. Nxd4 Bb7 27. Nb5 Nc5 28. Qe3 Nfd7 29. Bg3 Bc6 30. f4 Qb7 31. Kh2 d5 32. cxd5 exd5 33. e5 Ne6 34. Nd6 Bxd6 35. exd6 d4 36. Qf2 Bd5 37. Ra1 Qc6 38. Bb1 f5 39. h4 h5 40. Nf3 Qxd6 41. Ba2 Ndc5 42. Bxd5 Qxd5 43. Re1 Ne4 44. Qe2 Rd8 45. Rd3 Rxa4 46. Ne5 Kg7 47. Red1 N6c5 48. Qb2 Nxd3 49. Qxb6 Qd6 50. Qb7+ Kg8 51. Qf7+ Kh8 52. Nxg6+ Qxg6 53. Qxg6 Ndc5 54. Qxh5+ Kg7 55. Qxf5 Re8 56. Qg4+ Kf7 57. Rb1 d3 58. Qh5+ Ke7 59. Be1 d2 60. Bxd2 Nxd2 61. Qxc5+ Kd7 62. Rb7+ Ke6 63. Qe5# 1-0


[Site "https://www.chess.com"]

[Event "Titled Tuesday Blitz May 31 Late 2022"]
[White "Papasimakopoulos, Alexandros"]
[Black "Keller, Peter"]
[WhiteFideId "4244125"]
[BlackFideId "1272105"]
[WhiteElo "2340"]
[BlackElo "2275"]
[Result "1-0"]
[Round "05"]
[TimeControl "180+1"]
[Date "2022.06.01"]
[WhiteClock "0:00:23"]
[BlackClock "0:00:13"]

1. d4 Nf6 2. c4 e6 3. Nc3 Bb4 4. Qc2 d5 5. cxd5 Qxd5 6. Nf3 Qf5 7. Qxf5 exf5 8. a3 Be7 9. Bf4 c6 10. e3 Nbd7 11. Bd3 Nb6 12. h3 Be6 13. Ng5 Bd7 14. Nf3 Be6 15. Bh2 O-O 16. Ne5 g6 17. O-O Nfd5 18. Rfc1 a5 19. Nxd5 Bxd5 20. Nc4 Nxc4 21. Bxc4 Rfd8 22. Bxd5 Rxd5 23. Rc2 Kf8 24. Rac1 Ke8 25. Kf1 Kd7 26. Ke2 h5 27. Be5 Bd6 28. Bxd6 Rxd6 29. Rc5 a4 30. R5c4 Ra5 31. Rc5 Rxc5 32. Rxc5 b5 33. Kd3 Re6 34. h4 Kd6 35. g3 Re8 36. Kc3 Rb8 37. Kb4 Re8 38. Ka5 Rb8 39. Kb4 Re8 40. Rc2 Rb8 41. Ka5 Ra8+ 42. Kb6 Rb8+ 43. Ka7 Rc8 44. Kb7 Rc7+ 45. Kb6 Rc8 46. Rc3 Rb8+ 47. Ka5 Ra8+ 48. Kb4 Re8 49. Rc5 Re7 50. Kc3 Re8 51. Kd3 Re7 52. f3 Re8 53. e4 fxe4+ 54. fxe4 Rb8 55. Kc3 f6 56. Kc2 Re8 57. Kd3 Rb8 58. e5+ fxe5 59. Rxe5 Rf8 60. Rg5 Rf6 61. Kc3 Rf3+ 62. Kd2 Rf6 63. Ke3 Ke6 64. Ke4 Kd6 65. d5 cxd5+ 66. Rxd5+ Kc6 67. Rd8 Kc5 68. Rc8+ Kb6 69. Rg8 Kc6 70. Ke5 Rd6 71. Rc8+ Kd7 72. Rd8+ Kxd8 73. Kxd6 Ke8 74. Ke6 Kf8 75. Kf6 1-0


[Site "https://www.chess.com"]

[Event "Titled Tuesday Blitz May 31 Late 2022"]
[White "Papp, Levente"]
[Black "Bibasa, Bob"]
[WhiteFideId "751243"]
[BlackFideId "10000240"]
[WhiteElo "2308"]
[BlackElo "2032"]
[Result "1-0"]
[Round "05"]
[TimeControl "180+1"]
[Date "2022.06.01"]
[WhiteClock "0:00:07"]
[BlackClock "0:00:03"]

1. c4 c5 2. g3 g6 3. Bg2 Bg7 4. Nf3 Nc6 5. O-O e5 6. Nc3 Nge7 7. d3 O-O 8. Ne1 d6 9. Nc2 f5 10. f4 Be6 11. Nd5 Bxd5 12. cxd5 Nd4 13. Rb1 Rb8 14. b4 b6 15. Nxd4 cxd4 16. Qa4 Qc7 17. Bd2 b5 18. Qb3 Kh8 19. Rbc1 Qd7 20. e3 dxe3 21. Bxe3 exf4 22. Bxf4 Rfc8 23. Bd2 Rxc1 24. Rxc1 Rc8 25. Re1 Be5 26. Be3 Rc3 27. Qd1 Qc7 28. d4 Bf6 29. Bf2 Qc4 30. Qe2 Qxe2 31. Rxe2 Rc1+ 32. Bf1 Nxd5 33. Re6 Kg7 34. Rxd6 Nxb4 35. Rd7+ Kg8 36. Rxa7 Nd3 37. Rd7 Nxf2 38. Kxf2 Rc2+ 39. Kf3 Rxa2 40. Bxb5 Rxh2 41. d5 g5 42. d6 Be5 43. Bc4+ Kf8 44. Rf7+ Ke8 45. d7+ Kd8 46. Rxf5 Bd6 47. Be6 Rb2 48. Rxg5 Rb8 49. Rg7 Kc7 50. Rxh7 Rf8+ 51. Kg2 Kd8 52. g4 Rf6 53. Bf5 Rf8 54. Kf3 Be7 55. Ke4 Rxf5 56. gxf5 Bf6 57. Kd5 Be7 58. Ke6 Bg5 59. Rh8+ Kc7 60. f6 1-0


[Site "https://www.chess.com"]

[Event "Titled Tuesday Blitz May 31 Late 2022"]
[White "Pershin, Denis"]
[Black "Martinez Alcantara, Jose Eduardo"]
[WhiteFideId "24165506"]
[BlackFideId "3805662"]
[WhiteElo "2275"]
[BlackElo "2690"]
[Result "1/2-1/2"]
[Round "05"]
[TimeControl "180+1"]
[Date "2022.05.31"]
[WhiteClock "0:00:30"]
[BlackClock "0:00:15"]

1. d4 Nf6 2. Nc3 d5 3. Bf4 a6 4. e3 e6 5. Nf3 Bd6 6. Bd3 Nbd7 7. O-O b6 8. Bxd6 cxd6 9. e4 dxe4 10. Nxe4 Qc7 11. Re1 Bb7 12. c3 O-O 13. a4 h6 14. h3 Rfe8 15. Nh2 e5 16. Nxf6+ Nxf6 17. Ng4 Nd5 18. Be4 Nf4 19. Qf3 Bxe4 20. Qxe4 d5 21. Qf3 e4 22. Qg3 Rac8 23. Nxh6+ Kh7 24. Nf5 g6 25. Qh4+ Nh5 26. Ne3 Qd8 27. Qxd8 Rcxd8 28. g3 f5 29. Ng2 g5 30. h4 Rg8 31. hxg5 Rxg5 32. Kf1 f4 33. Nxf4 Nxf4 34. gxf4 Rf5 35. Ke2 Rxf4 36. Rg1 Rdf8 37. Rg2 Rh4 38. Rag1 Rf7 39. Rg6 Rh2 40. R1g2 Rh6 41. R6g5 Rd7 1/2-1/2


[Site "https://www.chess.com"]

[Event "Titled Tuesday Blitz May 31 Late 2022"]
[White "Petrovic, Aleksa"]
[Black "Barria Zuniga, Daniel"]
[WhiteFideId "967629"]
[BlackFideId "3400816"]
[WhiteElo "2144"]
[BlackElo "2414"]
[Result "1-0"]
[Round "05"]
[TimeControl "180+1"]
[Date "2022.06.01"]
[WhiteClock "0:00:04"]
[BlackClock "0:00:06"]

1. d4 g6 2. c4 Bg7 3. e4 d6 4. Nc3 e5 5. Nge2 Nc6 6. Be3 a6 7. Qd2 f5 8. f3 Nf6 9. d5 Na5 10. b3 O-O 11. Bg5 h6 12. Bxh6 Nxe4 13. Nxe4 Qh4+ 14. Nf2 Bxh6 15. Qxa5 e4 16. g3 Qh5 17. f4 g5 18. Qd2 Qf3 19. Nd4 Qh5 20. Be2 Qg6 21. Nh3 c5 22. dxc6 bxc6 23. Nxc6 Re8 24. Ne7+ Rxe7 25. Qd5+ Be6 26. Qxa8+ Re8 27. Qxa6 Bg7 28. Rd1 Bc3+ 29. Kf2 Bb4 30. Nxg5 Bc5+ 31. Kg2 Qf6 32. Nxe6 Rxe6 33. Rd5 Qb2 34. Qc8+ Kg7 35. Qd7+ Kf6 36. Rxf5+ Kxf5 37. Qf7+ Rf6 38. g4+ Kxf4 39. Rf1+ Ke3 40. Qxf6 Kxe2 41. Qxb2+ 1-0


[Site "https://www.chess.com"]

[Event "Titled Tuesday Blitz May 31 Late 2022"]
[White "Piesik, Piotr"]
[Black "Indjic, Aleksandar"]
[WhiteFideId "1136194"]
[BlackFideId "911925"]
[WhiteElo "2190"]
[BlackElo "2616"]
[Result "0-1"]
[Round "05"]
[TimeControl "180+1"]
[Date "2022.05.31"]
[WhiteClock "0:01:39"]
[BlackClock "0:01:44"]

1. Nf3 c5 2. g3 g6 3. Bg2 Bg7 4. O-O Nc6 5. c4 d6 6. Nc3 h5 7. h4 Bg4 8. d3 Qd7 9. Ng5 Bxc3 10. bxc3 f6 11. Ne4 Bh3 12. Bf4 Bxg2 13. Kxg2 b6 14. a4 Na5 15. Nd2 e5 16. Be3 Ne7 17. Nb3 Nec6 18. Nxa5 Nxa5 19. f4 f5 20. fxe5 dxe5 21. Bg5 O-O 22. Qe1 Qc6+ 23. Kh2 Rae8 24. Qf2 e4 25. Bh6 Rf7 26. Bg5 Rd7 27. Qe3 Rd6 28. Rad1 exd3 29. Be7 Re6 0-1


[Site "https://www.chess.com"]

[Event "Titled Tuesday Blitz May 31 Late 2022"]
[White "Prado Lobo, Jonas"]
[Black "Shirov, Alexei"]
[WhiteFideId "32050666"]
[BlackFideId "2209390"]
[WhiteElo "2214"]
[BlackElo "2678"]
[Result "0-1"]
[Round "05"]
[TimeControl "180+1"]
[Date "2022.05.31"]
[WhiteClock "0:00:02"]
[BlackClock "0:01:07"]

1. d4 d5 2. c4 c6 3. cxd5 cxd5 4. Bf4 Nc6 5. e3 Nf6 6. Nc3 Bg4 7. Qb3 Na5 8. Qa4+ Bd7 9. Qc2 Rc8 10. Nf3 b5 11. a3 Ne4 12. Bd3 Nxc3 13. bxc3 g6 14. Be5 Rg8 15. O-O f6 16. Bg3 e6 17. Rfe1 Kf7 18. h4 Be7 19. h5 Nc4 20. hxg6+ hxg6 21. e4 Nxa3 22. Qc1 b4 23. exd5 exd5 24. Qh6 Qf8 25. Qh7+ Qg7 26. Bxg6+ Kf8 27. Bf4 Qxh7 28. Bxh7 Rg4 29. Bh6+ Kf7 30. cxb4 Bxb4 0-1


[Site "https://www.chess.com"]

[Event "Titled Tuesday Blitz May 31 Late 2022"]
[White "Przybylski, Wojciech"]
[Black "Tristan, Leonardo"]
[WhiteFideId "1117599"]
[BlackFideId "113816"]
[WhiteElo "2133"]
[BlackElo "2404"]
[Result "1-0"]
[Round "05"]
[TimeControl "180+1"]
[Date "2022.06.01"]
[WhiteClock "0:00:03"]
[BlackClock "0:00:04"]

1. e4 d5 2. exd5 Qxd5 3. Qf3 Nf6 4. h3 Bf5 5. d3 Nc6 6. Nc3 Qxf3 7. Nxf3 e5 8. a3 O-O-O 9. Bg5 Be7 10. O-O-O h6 11. Be3 Rhe8 12. Nd2 Nd4 13. g4 Bg6 14. Bg2 c6 15. Rhe1 Bd6 16. Nde4 Nxe4 17. Nxe4 Bc7 18. c3 Ne6 19. Nc5 Nxc5 20. Bxc5 Rxd3 21. Rxd3 Bxd3 22. Bxa7 b6 23. Bxc6 Re6 24. Bd5 Rf6 25. f3 Rd6 26. Ba8 Bc4 27. Rxe5 Rd8 28. Re7 Bb3 29. Re1 Bd5 30. Bxd5 Rxd5 31. Re7 Ra5 32. Bxb6 Bxb6 33. Rxf7 Be3+ 34. Kc2 Rd5 35. c4 Rd2+ 36. Kc3 Rf2 37. b4 Bc1 38. a4 Bd2+ 39. Kb3 Re2 40. c5 Re3+ 41. Kc4 Rc3+ 42. Kd5 Rd3+ 43. Kc6 Bxb4 44. Rxg7 Kd8 45. Rh7 Rc3 46. Rh8+ Ke7 47. Rh7+ Kf8 48. Kb5 Ba3 49. Rxh6 Rxc5+ 50. Kb6 Rc3 51. a5 Rb3+ 52. Kc6 Rxf3 53. a6 Rc3+ 54. Kb5 Rc5+ 55. Kb6 Rc3 56. a7 Bc5+ 57. Kb7 Rb3+ 58. Ka8 Ra3 59. Rh7 Be7 60. Kb7 Rb3+ 61. Kc6 Rc3+ 62. Kd5 Ra3 63. Rh8+ Kg7 64. a8=Q Rd3+ 65. Ke4 Rd7 66. Qg8+ Kf6 67. Rh6# 1-0


[Site "https://www.chess.com"]